 Dungeon Crawl Stone Soup version 0.30-a0-459-g9104f0fc43 (webtiles) character file.

Game seed: 8195961756349039205

942 Monkooky the Sneak (level 8, -11/72 HPs)
             Began as a Naga Delver on Dec 16, 2022.
             Was a Believer of Sif Muna.
             Killed by miscasting Ignite Poison (17 damage)
             ... on level 6 of the Dungeon.
             The game lasted 00:12:26 (4238 turns).

Monkooky the Sneak (Naga Delver)                    Turns: 4238, Time: 00:12:26

Health: -11/72     AC: 13    Str: 14    XL:     8   Next: 12%
Magic:  4/11       EV:  7    Int: 11    God:    Sif Muna [**....]
Gold:   296        SH:  0    Dex: 15    Spells: 6/11 levels left

rFire   . . .      SeeInvis +    y - +0 rapier (venom)
rCold   + . .      Faith    .    (no shield)
rNeg    + . .      Spirit   .    z - +2 ring mail of the Komodo Dragon {rC+ rN+}
rPois   +          Reflect  .    D - +0 helmet
rElec   .          Harm     .    (no cloak)
rCorr   .          Rampage  .    k - +0 pair of gloves
Will    ++...                    p - +0 barding
Stlth   +++.......               (no amulet)
HPRegen 0.32/turn                u - ring of willpower
MPRegen 0.12/turn                (no ring)

@: short of breath, very slightly contaminated, very slow
A: AC +2, large, see invisible, deformed body, poison resistance, slowness 2,
spit poison 1, naga tail 1
a: Spit Poison, Renounce Religion, Channel Magic


You were on level 6 of the Dungeon.
You worshipped Sif Muna.
Sif Muna was pleased with you.
You visited 1 branch of the dungeon, and saw 6 of its levels.

You collected 296 gold pieces.

Inventory:

Hand Weapons
 a - a +0 short sword
 i - a +2 dagger of freezing
 y - a +0 rapier of venom (weapon)
Armour
 b - a +0 leather armour
 k - a +0 pair of gloves (worn)
 p - a +0 barding (worn)
 v - a +0 ring mail
 z - the +2 ring mail of the Komodo Dragon (worn) {rC+ rN+}
   (You found it on level 5 of the Dungeon)

   rC:        It protects you from cold.
   rN:        It protects you from negative energy.
 D - a +0 helmet (worn)
Magical Staves
 E - a staff of cold
Jewellery
 u - a ring of willpower (left hand)
Wands
 g - a wand of digging (2)
 C - a wand of acid (1)
Scrolls
 c - 3 scrolls of fog
 d - 2 scrolls of magic mapping
 e - a scroll of fear
 h - 2 scrolls of noise {unknown}
 l - 4 scrolls of blinking {unknown}
 m - 3 scrolls of teleportation {unknown}
 q - 2 scrolls of identify {unknown}
 w - 2 scrolls of amnesia {unknown}
 A - a scroll of enchant weapon {unknown}
Potions
 f - 2 potions of haste
 j - a potion of might {unknown}
 n - 2 potions of heal wounds {unknown}
 o - 2 potions of mutation {unknown}
 r - a potion of degeneration {unknown}
 s - a potion of flight {unknown}
 t - 2 potions of attraction {unknown}
 x - 2 potions of brilliance {unknown}
 B - a potion of curing {unknown}
 F - a potion of resistance {unknown}


   Skills:
 - Level 4.2 Fighting
 - Level 4.2 Short Blades
 - Level 2.0 Dodging
 - Level 7.6 Stealth
 - Level 2.4 Spellcasting
 - Level 4.3 Conjurations
 + Level 2.4 Fire Magic
 * Level 4.9 Poison Magic


You had 6 spell levels left.
You knew the following spells:

 Your Spells              Type           Power      Damage    Failure   Level
a - Ignite Poison         Fire/Tmut/Pois 6%         N/A       54%         3
b - Searing Ray           Conj           20%        2d5       14%         2

Your spell library contained the following spells:

 Spells                   Type           Power      Damage    Failure   Level
 Magic Dart               Conj           40%        1d5       10%         1
 Inner Flame              Hex/Fire       4%         N/A       71%         3
 Kindle Blastsparks       Fire/Tloc/Air  6%         2d10      77%         3
 Flame Wave               Conj/Fire      8%         2d5       80%         4
 Sticky Flame             Conj/Fire      8%         2d3       80%         4
 Fulminant Prism          Conj/Hex       3%         3d5       93%         4
 Freezing Cloud           Conj/Ice/Air   2%         6-21      100%        5


Dungeon Overview and Level Annotations

Branches:
Dungeon (6/15)
 Temple: D:4-7

Altars:
Okawaru
Ru
Sif Muna
Trog
Uskayaw

Annotations:
D:4 2 runed translucent doors, Dramamine's ghost, amateur OpFE
D:5 1 runed translucent door, Splishie's ghost, amateur GnWn


Innate Abilities, Weirdness & Mutations

Your serpentine skin is tough. (AC +2)
You have supernaturally acute eyesight. (SInv)
Armour fits poorly on your strangely shaped body.
Your system is resistant to poisons. (rPois)
You cover ground very slowly.
You can spit poison.
You have a snake-like lower body.


Message History

The gnoll is almost dead.
The gnoll hits you but does no damage.
You hit the jelly.
The jelly is poisoned.
Your hands burn!
The jelly is almost dead.
You kill the jelly!
Sif Muna accepts your kill. The gnoll barely misses you.
Aiming: Spit Poison (1% risk of failure)
Press: ? - help, Q - select action, (/) - cycle Shift-Dir - straight line, f - ogre
Aim: an ogre, wielding a +0 giant club (83% to hit)
The splash of poison hits the ogre!
The ogre is poisoned.
The ogre is heavily wounded.
The gnoll hits you with a +0 whip!
You barely miss the ogre.
The ogre is heavily wounded.
The ogre hits you with a +0 giant club!!
The gnoll hits you but does no damage.
Unknown command.
Casting: Searing Ray (safe; 14% risk of failure)
Confirm with . or Enter, or press ? or * to list all spells.
Okay, then.
Aiming: Corrosive Bolt
Press: ? - help, Shift-Dir - straight line, f/p - ogre
Aim: an ogre, wielding a +0 giant club (heavily wounded, poisoned, 86% to hit)
The bolt of acid hits the ogre!
The ogre is almost dead.
The gnoll hits you with a +0 whip.
* * * LOW HITPOINT WARNING * * *
The ogre hits you with a +0 giant club!
* * * LOW HITPOINT WARNING * * *
You hit the ogre but do no damage.
The ogre looks even sicker.
The ogre is almost dead.
The gnoll hits you with a +0 whip.
* * * LOW HITPOINT WARNING * * *
Casting: Searing Ray (safe; 14% risk of failure)
Confirm with . or Enter, or press ? or * to list all spells.
You miscast Ignite Poison.
You are very lightly contaminated with residual magic.
You are caught in a fiery explosion!
You die...

#...# ####### #.$.#
#...... #...# #......
#...# #...... #...#
#...... #...######......
##..........>....
#####................
#..)@................
......Og...............#
###..)................#.
#.......#..........#._
.........#...........#†
#..########.......#....#
... ......##.... ..
......#..... .... #.####


You could see an ogre (very poisoned) and a gnoll.

Vanquished Creatures
  Eustachio (D:4)
  A black bear (D:6)
  A bullfrog (D:6)
  2 scorpions
  A howler monkey (D:6)
  3 hounds
  2 jellies (D:6)
  An orc priest (D:5)
  Terence (D:2)
  5 iguanas
  3 gnolls (D:6)
  4 adders
  3 worms (D:3)
  3 dart slugs
  7 orcs
  9 ball pythons
  4 bats (D:1)
  9 endoplasms
  2 giant cockroaches
  11 goblins
  9 hobgoblins
  9 kobolds
  A quokka (D:1)
  6 frilled lizards
  4 rats
102 creatures vanquished.

Notes
Turn   | Place    | Note
-------+----------+-------------------------------------------
     0 | D:5      | Monkooky the Naga Delver began the quest for the Orb.
     0 | D:5      | Reached XP level 1. HP: 21/21 MP: 1/1
    14 | D:5      | Noticed a hound
    24 | D:5      | Killed a hound
    25 | D:5      | Reached XP level 2. HP: 14/28 MP: 2/2
    25 | D:5      | Reached XP level 3. HP: 18/34 MP: 3/3
   192 | D:3      | Noticed a +0 spear
   192 | D:3      | Noticed a +0 dagger
   192 | D:3      | Noticed a +0 falchion
   193 | D:3      | Noticed a +0 falchion
   193 | D:3      | Noticed a +0 spear
   193 | D:3      | Noticed a +0 dagger
   194 | D:3      | Noticed a +0 short sword
   194 | D:3      | Noticed a +0 short sword
   196 | D:3      | Found a hide-covered altar of Uskayaw.
   699 | D:1      | Reached XP level 4. HP: 44/44 MP: 4/4
   871 | D:1      | Found a faded altar of an unknown god.
   886 | D:1      | Prayed at the altar of an unknown god.
   886 | D:1      | Became a worshipper of Sif Muna the Loreminder
   886 | D:1      | Reached * piety under Sif Muna
   990 | D:1      | Learned a level 3 spell: Ignite Poison
  1442 | D:2      | Noticed Terence
  1514 | D:2      | Killed Terence
  1515 | D:2      | Reached skill level 1 in Spellcasting
  1728 | D:2      | Reached XP level 5. HP: 50/50 MP: 7/7
  2059 | D:3      | Found a sacrificial altar of Ru.
  2063 | D:3      | Found a bloodstained altar of Trog.
  2196 | D:3      | Reached ** piety under Sif Muna
  2395 | D:4      | Learned a level 2 spell: Searing Ray
  2411 | D:4      | Noticed an ogre
  2564 | D:4      | Reached XP level 6. HP: 39/57 MP: 3/9
  2850 | D:4      | Noticed Eustachio
  2859 | D:4      | Killed Eustachio
  3110 | D:4      | Found a runed translucent door.
  3111 | D:4      | Noticed Dramamine's ghost (amateur OpFE)
  3181 | D:4      | Found a runed translucent door.
  3232 | D:5      | Identified the +2 ring mail of the Komodo Dragon {rC+ rN+}
  3310 | D:5      | Reached XP level 7. HP: 64/64 MP: 10/10
  3399 | D:5      | Found a runed translucent door.
  3399 | D:5      | Noticed Splishie's ghost (amateur GnWn)
  3523 | D:5      | Reached skill level 1 in Poison Magic
  3870 | D:6      | Reached skill level 1 in Fire Magic
  4142 | D:6      | Found an iron altar of Okawaru.
  4157 | D:6      | Reached XP level 8. HP: 64/72 MP: 5/11
  4238 | D:6      | Killed by miscasting Ignite Poison

Illustrated notes

Levels and vault maps discovered:
D:1:      erik_arrival_orb_chamber, layout_loops_cross,
          shapermc_ecumenical_altar_gd, nrook_loot_triangle,
          minmay_split_cup_small
D:2:      layout_basic, uniq_terence
D:3:      layout_loops_ring, nicolae_uskayaw_en_pointe,
          grunt_temple_overflow_open, minivault_25
D:4:      layout_loops_cross, ebering_ghost_sewer_f, uniq_eustachio
D:5:      layout_basic, gammafunk_ghost_grave, mrwooster_statue_mirror
D:6:      layout_basic, nicolae_sif_muna_little_library,
          okawaru_metal_pillars_3, uniq_duvessa

Skill      XL: |  1  2  3  4  5  6  7 |
---------------+----------------------+-----
Dodging        | 2 |  2.0
Fighting       | 4 |  4.2
Spellcasting   | 1 2 |  2.4
Conjurations   | 2 4 |  4.3
Short Blades   | 3 4 |  4.2
Poison Magic   | 4 |  4.9
Fire Magic     | 2 |  2.4
Stealth        | |  7.6

Action                   |  1- 3 |  4- 6 |  7- 9 || total
-------------------------+-------+-------+-------++-------
Melee: Short sword       |     8 |       |       ||     8
       Dagger            |    30 |    78 |       ||   108
       Punch             |       |     1 |       ||     1
       Rapier            |       |    11 |    37 ||    48
 Cast: Searing Ray       |       |     3 |     4 ||     7
 Abil: Spit Poison       |    12 |    50 |    17 ||    79
Evoke: Wand              |     1 |       |     1 ||     2
 Stab: Sleeping          |     5 |     4 |     1 ||    10
Armor: Leather armour    |     9 |    29 |       ||    38
       Ring mail         |       |       |    22 ||    22
Dodge: Dodged            |    13 |    34 |    18 ||    65

Table legend: (Time is in decaauts)
 A = Elapsed time spent in this place.
 B = Non-inter-level travel time spent in this place.
 C = Inter-level travel time spent in this place.
 D = Time resting spent in this place.
 E = Time spent auto-exploring this place.
 F = Levels seen in this place.
 G = Mean time per level.
                   A        B        C        D        E       F      G
               +--------+--------+--------+--------+--------+-----+--------+
         Total |   5492 |   5131 |    361 |    234 |   3752 |   6 |  915.3 |
       Dungeon |   5492 |   5131 |    361 |    234 |   3752 |   6 |  915.3 |
               +--------+--------+--------+--------+--------+-----+--------+

Top non-repeatable levels by time:
     D:4: 1109 daAuts
     D:1: 1068 daAuts
     D:2: 1016 daAuts
     D:5: 952 daAuts
     D:3: 896 daAuts
     D:6: 448 daAuts
